 Dungeon Crawl Stone Soup version 0.20.1-1-g8b1a95d (webtiles) character file.

193 jmlagarto the Magician (level 5, 0/35 HPs)
             Began as a Mummy Fire Elementalist on Sept 1, 2017.
             Slain by a centaur (10 damage)
             ... on level 4 of the Dungeon.
             The game lasted 00:09:37 (2368 turns).

jmlagarto the Magician (Mummy Fire Elementalist)    Turns: 2368, Time: 00:09:37

Health: 0/35       AC:  2    Str: 11    XL:     5   Next: 44%
Magic:  1/11       EV: 12    Int: 15    God:
Gold:   78         SH:  0    Dex: 13    Spells: 10/13 levels left

rFire    x . .     SeeInvis .   f - -2 dagger (curse)
rCold    + . .     Gourm    .   (no shield)
rNeg     + + +     Faith    .   a - +0 robe
rPois    ∞         Spirit   .   (no helmet)
rElec    .         Reflect  .   (no cloak)
rCorr    .         Harm     .   (no gloves)
MR       .....                  (no boots)
Stlth    ++........             (no amulet)
Regen    0.2/turn               (no ring)
MPRegen  0.2/turn               (no ring)

@: no status effects
A: no food or potions, fire vulnerability, cold resistance 1, negative energy
resistance 3, torment resistance, unbreathing
a: no special abilities


You were on level 4 of the Dungeon.
You were not hungry.

You visited 1 branch of the dungeon, and saw 4 of its levels.

You collected 78 gold pieces.

Inventory:

Hand Weapons
 e - a +1 short sword
 f - a cursed -2 dagger (weapon)
Armour
 a - a +0 robe (worn)
Jewellery
 d - an uncursed amulet of magic regeneration {unknown}
Wands
 c - a wand of polymorph (7/24)
Books
 b - a book of Flames

   Spells                             Type                      Level
   a - Flame Tongue                   Conjuration/Fire             1
   b - Throw Flame                    Conjuration/Fire             2
   c - Conjure Flame                  Conjuration/Fire             3
   d - Inner Flame                    Hexes/Fire                   3
   e - Sticky Flame                   Conjuration/Fire             4
   f - Fireball                       Conjuration/Fire             5


   Skills:
 + Level 0.2 Fighting
 + Level 0.2 Short Blades
 + Level 2.1 Dodging
 + Level 2.0 Stealth
 + Level 4.5 Spellcasting
 + Level 1.7 Conjurations
 + Level 3.4 Fire Magic


You had 10 spell levels left.
You knew the following spells:

 Your Spells              Type           Power        Failure   Level  Hunger
a - Flame Tongue          Conj/Fire      ##...        6%          1    N/A
b - Throw Flame           Conj/Fire      ##....       9%          2    N/A

Dungeon Overview and Level Annotations

Branches:
Dungeon (5/15)
 Temple: D:4-7

Altars:


Innate Abilities, Weirdness & Mutations

You do not eat or drink.
Your flesh is vulnerable to fire.
You are immune to poison.
Your flesh is cold resistant. (rC+)
You are immune to negative energy. (rN+++)
You are immune to unholy pain and torment.
You can survive without breathing.


Message History

The flame tongue hits the centaur.
The centaur is lightly wounded.
Casting: Flame Tongue
Confirm with . or Enter, or press ? or * to list all spells.
Aiming: Flame Tongue
Press: ? - help, Shift-Dir - straight line, f/p - centaur
Aim: a centaur (lightly wounded)
The flame tongue hits the centaur.
The centaur is heavily wounded.
Casting: Flame Tongue
Confirm with . or Enter, or press ? or * to list all spells.
Aiming: Flame Tongue
Press: ? - help, Shift-Dir - straight line, f/p - centaur
Aim: a centaur (heavily wounded)
The flame tongue hits the centaur.
The centaur is almost dead.
The centaur hits you!
* * * LOW HITPOINT WARNING * * *
The centaur hits you!
You die...

#......#
##......#..
#..........
#.#...#.#.
#.#...#g#
#.#...#.#
#)#...#.#
#[##.##.#
#@c.....# #
####...## #
###.# # #.# #
#.# # #.#
#######
#.#####......
#.#........##
#.....#.##.##


You could see a centaur.

Vanquished Creatures
  A gnoll shaman (D:4)
  A bullfrog skeleton (D:4)
  Jessica (D:2)
  2 gnolls (D:4)
  4 adders
  A worm (D:2)
  A dart slug (D:1)
  2 leopard geckos (D:2)
  8 hobgoblins
  9 jackals
  A quokka (D:2)
  6 bats
  2 frilled lizards
  4 goblins
  4 kobolds
  A rat (D:2)
48 creatures vanquished.

Notes
Turn   | Place    | Note
-------+----------+-------------------------------------------
     0 | D:1      | jmlagarto the Mummy Fire Elementalist began the quest for the Orb.
     0 | D:1      | Reached XP level 1. HP: 13/13 MP: 4/4
   275 | D:1      | Reached XP level 2. HP: 10/19 MP: 0/5
   294 | D:1      | Reached skill level 1 in Conjurations
   558 | D:1      | Learned a level 2 spell: Throw Flame
  1027 | D:1      | Reached skill level 3 in Spellcasting
  1152 | D:2      | Noticed Jessica
  1159 | D:2      | Killed Jessica
  1159 | D:2      | Reached XP level 3. HP: 18/24 MP: 3/7
  1402 | D:2      | Reached XP level 4. HP: 30/30 MP: 6/9
  1964 | D:2      | You fall through a shaft for 2 floors!
  1972 | D:4      | Reached skill level 4 in Spellcasting
  1994 | D:4      | Reached XP level 5. HP: 28/35 MP: 1/11
  2095 | D:5      | Entered Level 5 of the Dungeon
  2366 | D:4      | Noticed a centaur
  2368 | D:4      | Slain by a centaur

Skill      XL: |  1  2  3  4  5 |
---------------+----------------+-----
Conjurations   | 1 |  1.7
Dodging        | 2 |  2.1
Spellcasting   | 3 4 |  4.5
Fire Magic     | 3 |  3.4
Stealth        | 2 |  2.0
Fighting       | |  0.2
Short Blades   | |  0.2

Action                   |  1- 3 |  4- 6 || total
-------------------------+-------+-------++-------
Melee: Short sword       |    12 |       ||    12
       Dagger            |       |     1 ||     1
 Cast: Flame Tongue      |    40 |    72 ||   112
  Use: Scroll            |     2 |       ||     2
Armor: Robe              |     9 |     3 ||    12
Dodge: Dodged            |    27 |    24 ||    51
